 Dungeon Crawl Stone Soup version 0.29-a0-1030-gf5f8719cae (webtiles) character file.

Game seed: 13762280246697935687

14 GreenGift the Digger (level 2, 0/12 (20) HPs)
             Began as a Meteoran Earth Elementalist on Aug 14, 2022.
             Slain by a jackal (2 damage)
             ... on level 1 of the Dungeon.
             The game lasted 00:05:03 (732 turns).

GreenGift the Digger (Meteoran Earth Elementalist)   Turns: 732, Time: 00:05:03

HP:   0/12 (20)     AC:  4    Str:  9    XL:     2   Next: 76%
MP:   0/6           EV: 12    Int: 16    God:
Gold: 52            SH:  0    Dex: 14    Spells: 5/6 levels left

rFire   . . .      SeeInvis .   d - staff of poison
rCold   . . .      Faith    .   (no shield)
rNeg    . . .      Spirit   +   b - +0 leather armour
rPois   +          Reflect  .   (no helmet)
rElec   .          Harm     .   (no cloak)
rCorr   .          Rampage  .   (no gloves)
Will    .....                   g - +0 pair of boots
Stlth   +.........              e - amulet of guardian spirit
HPRegen 0.04/turn               (no ring)
MPRegen 0.10/turn               (no ring)

@: glowing, very heavily drained, bezotted
A: sense surroundings 1, otherworldly, glowing, explore regen
a: no special abilities


You were on level 1 of the Dungeon.
You visited 1 branch of the dungeon, and saw 1 of its levels.

You collected 52 gold pieces.

Inventory:

Missiles
 c - 3 atropa-tipped darts
Armour
 b - a +0 leather armour (worn)
 g - a +0 pair of boots (worn)
Magical Staves
 d - a staff of poison (weapon)
Jewellery
 e - an amulet of guardian spirit (around neck)
Scrolls
 f - a scroll of fog
Potions
 a - a potion of lignification {unknown}


   Skills:
 + Level 2.7 Dodging
 + Level 1.6 Stealth
 + Level 2.9 Spellcasting
 + Level 1.6 Transmutations
 + Level 3.8 Earth Magic


You had 5 spell levels left.
You knew the following spells:

 Your Spells              Type           Power      Damage    Failure   Level
a - Sandblast             Erth           28%        2d8       5%          1

Your spell library contained the following spells:

 Spells                   Type           Power      Damage    Failure   Level
 Passwall                 Tmut/Erth      9%         N/A       13%         2
 Stone Arrow              Conj/Erth      16%        3d8       34%         3
 Petrify                  Tmut/Erth      11%        N/A       63%         4


Dungeon Overview and Level Annotations

Branches:
Dungeon (1/15) Zot: 53

Altars:

Shops:
D:1 *


Innate Abilities, Weirdness & Mutations

You passively map a small area around you.
You are easily found by Zot.
You glow in the dark.
You regain HP and MP as you explore.


Message History

You closely miss the jackal. The jackal barely misses you.
You hit the jackal but do no damage.
The jackal bites you but does no damage.
The jackal bites you.
* * * LOW HITPOINT WARNING * * *
You closely miss the jackal.
The jackal bites you but does no damage.
The jackal barely misses you.
You hit the jackal but do no damage. The jackal bites you.
The jackal misses you.
You closely miss the jackal. The jackal bites you.
* * * LOW HITPOINT WARNING * * *
You hit the jackal.
The jackal is moderately wounded.
The jackal barely misses you. The jackal completely misses you.
Your magical contamination has completely faded away.
You closely miss the jackal.
The jackal is moderately wounded.
The jackal bites you but does no damage.
The jackal closely misses you.
You barely miss the jackal.
The jackal is moderately wounded.
The jackal bites you but does no damage.
You are too injured to fight recklessly!
The jackal closely misses you. The jackal misses you.
The jackal attacks as you move away! The jackal closely misses you.
The jackal bites you.
* * * LOW HITPOINT WARNING * * *
You are too injured to fight recklessly!
You are too injured to fight recklessly!
You barely miss the jackal.
The jackal is moderately wounded.
The jackal bites you but does no damage.
You hit the jackal.
The jackal is almost dead.
The jackal barely misses you. x2
You closely miss the jackal.
The jackal is almost dead.
The jackal bites you.
You die...

##'##+##....#........
#.....##....#........ ,.#
####......+....+....!......#
.........##....#.†......,..#
.........##.:..#........,..#
......##.#.....=........,..# #
......##.##.####.#######*#.#.#
......##.#*, #h#########.#.#
P.....##.# , , #@#...........#
......##.#, ,#.#.#######.###
..######.####.##.#.# #.# .##
#.#.........# #.# ##
#.##.#.##.#########.# #.#* #
#.#.........# #.#*
*#.#.######### #.#* *#.#.# #.#
#.#.#


You could see a jackal.

Vanquished Creatures
  2 endoplasms (D:1)
  A giant cockroach (D:1)
  2 goblins (D:1)
  2 jackals (D:1)
  A quokka (D:1)
  2 bats (D:1)
  A rat (D:1)
11 creatures vanquished.

Notes
Turn   | Place    | Note
-------+----------+-------------------------------------------
     0 | D:1      | GreenGift the Meteoran Earth Elementalist began the quest
                  | for the Orb.
     0 | D:1      | Reached XP level 1. HP: 14/14 MP: 5/5
   313 | D:1      | Reached XP level 2. HP: 15/20 MP: 4/6
   493 | D:1      | Glimpsed the power of Zot.
   500 | D:1      | Found Akuopot's General Store.
   541 | D:1      | Glimpsed the power of Zot.
   581 | D:1      | Glimpsed the power of Zot.
   591 | D:1      | Touched by the power of Zot.
   692 | D:1      | Glimpsed the power of Zot.
   732 | D:1      | Slain by a jackal

Illustrated notes

Levels and vault maps discovered:
D:1:      amcnicky_arrival_abandoned_market, layout_basic,
          ebering_ecumenical_altar_box, serial_shops, shop, serial_park_tiny_1

Action                   || total
-------------------------++-------
Melee: Staff             ||    12
       Unarmed           ||     1
 Cast: Sandblast         ||    12
  Use: Scroll            ||     1
Armor: Leather armour    ||    13
Dodge: Dodged            ||    18

Table legend: (Time is in decaauts)
 A = Elapsed time spent in this place.
 B = Non-inter-level travel time spent in this place.
 C = Inter-level travel time spent in this place.
 D = Time resting spent in this place.
 E = Time spent auto-exploring this place.
 F = Levels seen in this place.
 G = Mean time per level.
                   A        B        C        D        E       F      G
               +--------+--------+--------+--------+--------+-----+--------+
         Total |    745 |    745 |      0 |    246 |     23 |   1 |  745.0 |
       Dungeon |    745 |    745 |      0 |    246 |     23 |   1 |  745.0 |
               +--------+--------+--------+--------+--------+-----+--------+

Top non-repeatable levels by time:
     D:1: 745 daAuts
